Map: 2000 Atmospheres LE

Players

WildHunt - Winner!

  • Race: Terran Terran
  • League: Master

Oglop

  • Race: Zerg Zerg
  • League: Master

VOD

Have the link to the VOD?

Description

Time

  • Played on: Aug. 28, 2021, 4:24 a.m.
  • Length: 16:15
Show
View Real Time Build Order
Export as new Build Order

WildHunt Terran - Winner!

Build Orders: Reaper Expand 

Get SALT Encoding   

  12  0:00  SCV  
  13  0:12  SCV  
  14  0:17  Supply Depot  
  14  0:24  SCV  
  15  0:39  SCV  
  15  0:40  Barracks  
  16  0:44  Refinery  
  16  0:51  SCV  
  17  1:03  SCV  
  18  1:15  SCV  
  19  1:28  Orbital Command  
  19  1:29  Reaper  
  20  1:43  Command Center  
  20  1:54  SCV  
  21  1:59  Barracks  
  21  2:02  Barracks Reactor  
  21  2:09  SCV  
  21  2:11  Supply Depot  
  22  2:21  SCV  
  23  2:26  Factory  
  23  2:33  SCV  
  24  2:40  Marine x2  
  24  2:43  Refinery  
  26  2:45  SCV  
  26  2:48  Barracks Tech Lab  
  27  2:55  Orbital Command  
  27  2:57  SCV  
  27  2:58  Marine  
  29  3:06  Supply Depot  
  29  3:09  SCV  
  29  3:10  Marine, Stimpack  
  29  3:11  Marine  
  32  3:20  Supply Depot, SCV  
  32  3:21  SCV  
  34  3:30  Marine x3  
  37  3:35  Factory Reactor  
  37  3:36  Starport, SCV  
  37  3:38  SCV  
  39  3:48  Marine, SCV  
  40  3:50  SCV  
  40  3:55  Supply Depot  
  42  3:56  Marine x2  
  42  4:01  SCV  
  42  4:02  Supply Depot, SCV  
  46  4:10  Refinery  
  46  4:13  SCV  
  46  4:16  SCV  
  48  4:19  Medivac  
  48  4:20  Marine x3, Medivac  
  55  4:25  SCV  
  55  4:28  Supply Depot, SCV  
  57  4:35  Factory Tech Lab  
  57  4:37  SCV  
  57  4:38  Marine x3  
  59  4:40  SCV  
  62  4:47  Command Center  
  62  4:49  SCV  
  62  4:52  SCV  
  64  4:55  Refinery  
  64  4:57  Refinery  
  64  5:01  SCV  
  64  5:03  Supply Depot  
  64  5:05  SCV  
  64  5:06  Marine x3  
  69  5:07  Supply Depot  
  69  5:09  Siege Tank  
  69  5:13  SCV  
  73  5:17  SCV  
  74  5:25  SCV  
  75  5:30  SCV  
  75  5:32  Supply Depot  
  75  5:34  Marine x3, Engineering Bay, Combat Shield  
  75  5:35  Engineering Bay  
  79  5:51  Siege Tank  
  79  5:52  Marine x3  
  79  5:55  SCV x2  
  87  6:07  SCV  
  87  6:08  Orbital Command, SCV  
  87  6:09  Marine  
  87  6:10  Marine  
  84  6:19  Marine  
  84  6:22  Terran Infantry Weapons Level 1  
  84  6:23  Terran Infantry Armor Level 1  
  82  6:25  Orbital Command  
  82  6:27  Marine  
  82  6:28  Marine, Medivac x2, Siege Tank  
  81  6:37  Marine  
  81  6:38  SCV  
  83  6:45  SCV  
  83  6:46  Armory  
  84  6:49  Factory  
  84  6:50  Barracks  
  84  6:52  Bunker  
  84  6:53  Supply Depot, SCV  
  85  6:54  Barracks  
  85  7:03  Marine x3  
  85  7:04  Siege Tank  
  91  7:16  SCV x2  
  91  7:21  Marine x2  
  95  7:27  SCV  
  95  7:28  SCV  
  95  7:29  SCV  
  98  7:32  Refinery, Command Center  
  98  7:33  Marine  
  98  7:34  Medivac  
  98  7:36  Factory Reactor, Drilling Claws  
  101  7:38  Terran Vehicle Weapons Level 1  
  101  7:39  Barracks Reactor, SCV  
  101  7:40  SCV  
  101  7:41  SCV  
  101  7:42  Barracks Reactor  
  104  7:49  Marine  
  104  7:50  Marine, Siege Tank  
  104  7:51  SCV  
  110  7:52  SCV  
  110  7:53  SCV  
  110  7:54  Supply Depot  
  112  8:00  Marine  
  112  8:02  Concussive Shells  
  113  8:07  Marine x2  
  115  8:18  Marine  
  109  8:23  Marine x2  
  109  8:24  Marine x2  
  109  8:25  Marine x2, Medivac x2, Widow Mine x3  
  115  8:36  Marine  
  115  8:41  Terran Infantry Weapons Level 2, Marine x2, Terran Infantry Armor Level 2  
  115  8:42  Marine x2, Supply Depot x2  
  115  8:43  Marine x2  
  121  8:54  Marine  
  122  8:59  Marine x4  
  122  9:00  Widow Mine x2  
  122  9:01  Marine x2, Widow Mine, Liberator  
  134  9:12  Marine  
  134  9:14  SCV  
  134  9:16  Refinery  
  132  9:17  Marine x2  
  132  9:22  Widow Mine  
  136  9:25  Marine x4  
  136  9:29  Marine  
  141  9:35  Marine x2  
  123  9:39  Widow Mine x2  
  123  9:42  Marine  
  123  9:43  Marine x3  
  131  9:47  Marine  
  113  9:52  Marine  
  113  9:53  Marine  
  113  9:57  Widow Mine, Liberator x2  
  120  10:00  Marine x2, Widow Mine  
  120  10:01  Marine x2  
  120  10:05  Marine  
  120  10:06  Widow Mine  
  129  10:07  Terran Vehicle Weapons Level 2  
  129  10:10  Marine, Planetary Fortress  
  130  10:18  Widow Mine  
  130  10:19  Marine x4  
  130  10:20  Marine  
  137  10:23  Marauder  
  137  10:28  Marine  
  139  10:30  Barracks  
  139  10:31  Barracks  
  139  10:32  Refinery  
  139  10:33  Refinery  
  136  10:37  Marine  
  133  10:49  Marine x6  
  122  10:51  Widow Mine x2  
  122  10:55  Marine  
  126  11:05  Medivac x2, Widow Mine  
  126  11:07  Marine x5  
  134  11:12  Widow Mine  
  134  11:13  Marine x2  
  126  11:24  Marine  
  126  11:25  Marine x4  
  122  11:27  Widow Mine x2  
  122  11:28  SCV x4  
  122  11:31  Marine x2, Terran Infantry Weapons Level 3, Terran Infantry Armor Level 3  
  122  11:32  Barracks Reactor  
  129  11:34  Missile Turret  
  129  11:35  Barracks Reactor  
  129  11:37  Missile Turret  
  129  11:39  Missile Turret  
  129  11:42  Marine x2  
  129  11:43  Marine x2  
  129  11:44  Marine  
  129  11:46  Widow Mine  
  136  11:48  Marine, Widow Mine  
  136  11:49  Marine, Liberator x2  
  136  11:51  SCV x3  
  149  12:00  Marine x4  
  153  12:02  Marine  
  153  12:06  Marine x2, Widow Mine  
  153  12:07  Widow Mine  
  160  12:18  Marine x4  
  164  12:23  Supply Depot  
  164  12:24  Supply Depot  
  164  12:25  Supply Depot  
  164  12:28  Marine x3  
  164  12:29  Widow Mine x2  
  159  12:32  Marine x4  
  159  12:36  Marine  
  164  12:45  Marine, Widow Mine  
  164  12:49  Marine x5  
  164  12:50  Marine x4, Widow Mine  
  164  12:51  Widow Mine  
  166  12:54  Marine  
  165  13:02  Marine  
  164  13:07  Marine x3, Widow Mine  
  164  13:11  Widow Mine  
  168  13:14  Marine x5  
  168  13:15  Widow Mine  
  143  13:21  Marine x3  
  143  13:24  Marine  
  143  13:25  Marine x2  
  149  13:28  Widow Mine  
  149  13:32  Marine x5  
  144  13:38  Marine  
  144  13:39  Marine x2  
  147  13:42  Marine  
  147  13:46  Marine x2  
  147  13:48  Medivac x2, Widow Mine x2  
  158  13:49  Marine  
  158  13:50  Marine  
  158  13:54  Marine x2, Command Center  
  158  13:55  Marine, Command Center  
  163  13:56  Marine x3, Widow Mine  
  163  14:00  Marine  
  163  14:01  Factory  
  163  14:02  Factory, Ghost Academy  
  166  14:08  Neosteel Armor, Hi-Sec Auto Tracking  
  166  14:09  Widow Mine x2  
  160  14:17  Marine x4  
  160  14:18  Marine x6  
  160  14:19  Marauder  
  172  14:24  Supply Depot x2  
  172  14:27  Ghost Academy x2  
  172  14:35  Marine x3  
  175  14:42  Missile Turret  
  175  14:43  Missile Turret  
  175  14:44  Command Center  
  139  15:04  Marine x7  
  139  15:05  Marine x3, Widow Mine  
  139  15:06  Medivac x2, Widow Mine  
  155  15:10  Refinery  
  155  15:12  Refinery  
  148  15:18  Marine  
  149  15:22  Marine x5  
  154  15:30  Marine  
  154  15:31  Marine x4  
  154  15:32  Widow Mine  
  161  15:36  Marine  
  161  15:39  Marine, Orbital Command  
  161  15:42  Marine x3  
  161  16:00  Missile Turret  
Show
View Real Time Build Order
Export as new Build Order

Oglop Zerg 

Build Orders: Hatch First 

Get SALT Encoding   

  12  0:00  Drone  
  13  0:13  Overlord  
  13  0:17  Drone  
  14  0:31  Drone x2  
  14  0:35  Drone  
  17  0:51  Hatchery  
  17  0:54  Drone  
  17  0:57  Drone  
  18  1:08  Extractor  
  17  1:13  Spawning Pool  
  17  1:15  Drone  
  17  1:18  Drone  
  18  1:28  Drone  
  19  1:41  Drone  
  20  2:00  Zergling x2  
  21  2:02  Queen  
  21  2:03  Queen  
  21  2:04  Zergling x2  
  21  2:06  Drone  
  27  2:11  Overlord  
  27  2:12  Metabolic Boost  
  27  2:15  Drone  
  28  2:30  Hatchery  
  28  2:32  Spore Crawler  
  26  2:42  Queen  
  28  2:44  Drone  
  28  2:46  Drone x2  
  28  2:50  Drone  
  33  2:53  Drone  
  33  2:56  Drone  
  36  2:58  Drone  
  36  3:03  Overlord  
  36  3:08  Overlord  
  36  3:30  Drone x6  
  36  3:31  Queen  
  36  3:32  Queen  
  45  3:39  Drone  
  46  3:41  Queen  
  46  3:43  Drone x2  
  46  3:46  Drone x2  
  52  3:54  Overlord x2  
  52  4:04  Extractor  
  52  4:06  Baneling Nest  
  50  4:10  Overlord x2  
  50  4:12  Queen, Overlord  
  52  4:19  Drone  
  52  4:20  Drone x3  
  52  4:21  Drone  
  52  4:23  Drone x2  
  59  4:29  Pneumatized Carapace  
  59  4:36  Drone  
  60  4:39  Drone x6  
  66  4:46  Zergling x10  
  66  4:47  Extractor  
  66  4:52  Drone x3  
  73  4:55  Drone x2  
  73  4:59  Spore Crawler  
  74  5:00  Spore Crawler  
  74  5:02  Spore Crawler  
  74  5:03  Drone x2  
  74  5:05  Zergling x2  
  74  5:06  Zergling x4  
  77  5:08  Baneling x4  
  77  5:09  Drone  
  77  5:11  Overlord  
  78  5:20  Zergling x6  
  81  5:23  Overlord x2  
  81  5:36  Zergling x16  
  81  5:38  Overlord  
  81  5:39  Overlord  
  89  5:48  Baneling x2  
  89  5:49  Baneling x4  
  89  5:51  Lair  
  89  5:57  Evolution Chamber  
  88  6:00  Evolution Chamber  
  88  6:01  Zergling x8  
  88  6:02  Zergling x14  
  89  6:35  Drone x15  
  89  6:37  Extractor x2  
  102  6:40  Extractor  
  102  6:44  Hatchery x2  
  99  6:48  Hatchery  
  99  6:49  Drone  
  99  6:50  Drone x2  
  101  6:55  Drone x2  
  103  7:07  Zergling x16  
  103  7:08  Centrifical Hooks  
  111  7:10  Zerg Ground Armor Level 1, Zerg Melee Weapons Level 1  
  111  7:11  Overseer  
  111  7:12  Overseer  
  111  7:17  Overlord  
  111  7:18  Overlord  
  111  7:28  Zergling x2  
  111  7:29  Zergling x18  
  121  7:30  Overlord  
  121  7:33  Spire  
  120  7:38  Infestation Pit  
  120  7:40  Spore Crawler  
  120  7:43  Spore Crawler  
  117  8:01  Spore Crawler  
  116  8:12  Drone  
  117  8:13  Drone x8  
  125  8:32  Hatchery  
  122  8:44  Overlord  
  122  8:45  Overlord  
  122  8:48  Drone x11, Extractor  
  132  8:49  Extractor, Spine Crawler, Spore Crawler  
  132  8:50  Drone  
  132  8:51  Drone x10  
  132  8:52  Drone x4  
  144  8:56  Zergling x10  
  144  8:57  Zergling x10  
  145  9:12  Baneling x24  
  145  9:13  Zergling x14, Baneling x5  
  149  9:19  Zerg Flyer Weapons Level 1, Extractor, Zerg Melee Weapons Level 2  
  149  9:22  Zerg Ground Armor Level 2  
  148  9:24  Zergling x2  
  148  9:25  Zergling x6  
  131  9:39  Baneling x4  
  131  9:40  Baneling  
  122  9:56  Hive  
  122  9:59  Drone x3, Extractor  
  107  10:01  Drone x3  
  110  10:07  Drone x4  
  110  10:08  Zergling x2  
  110  10:09  Zergling x52  
  141  10:16  Overseer  
  141  10:18  Overseer  
  141  10:19  Overseer  
  141  10:25  Zergling x24  
  141  10:26  Zergling x4  
  155  10:33  Baneling x9  
  142  10:46  Zergling x20  
  142  10:47  Zergling x14  
  142  10:48  Mutalisk x7  
  156  10:56  Queen  
  155  11:14  Queen  
  155  11:15  Queen  
  155  11:18  Mutalisk x5  
  145  11:19  Hatchery  
  152  11:28  Baneling  
  152  11:35  Queen x2  
  152  11:36  Adrenal Glands  
  152  11:39  Zerg Ground Armor Level 3, Zerg Melee Weapons Level 3  
  156  11:40  Zerg Flyer Weapons Level 2  
  156  11:42  Overlord  
  156  11:43  Overlord x7  
  156  11:49  Overseer  
  156  11:50  Overseer  
  148  12:05  Baneling x11  
  142  12:16  Zergling x12  
  142  12:17  Zergling x18  
  142  12:18  Mutalisk x6  
  142  12:19  Mutalisk x4  
  160  12:31  Zergling x2  
  160  12:32  Zergling x14  
  160  12:33  Zergling x14  
  160  12:35  Zergling x2  
  160  12:36  Zergling x8  
  178  12:37  Baneling x3  
  178  12:38  Baneling  
  173  12:50  Zergling x2  
  147  12:54  Baneling x6  
  147  12:55  Zergling x6, Baneling x6  
  147  12:56  Zergling x20  
  136  13:12  Hatchery  
  115  13:20  Mutalisk  
  115  13:21  Mutalisk x7  
  113  13:35  Zergling x4  
  113  13:36  Zergling x24  
  113  13:39  Zergling x4  
  120  13:50  Zergling x14  
  120  13:54  Overseer x2  
  120  13:55  Overseer  
  127  13:57  Baneling x2  
  127  13:58  Baneling  
  127  14:05  Extractor  
  127  14:07  Extractor  
  114  14:15  Baneling x6  
  115  14:17  Drone x5  
  115  14:18  Drone  
  120  14:36  Hatchery  
  120  14:37  Baneling x3  
  120  14:38  Baneling x2, Mutalisk x4  
  121  14:39  Zergling x4  
  116  14:47  Zergling x12  
  116  14:48  Zergling x2  
  96  15:02  Zergling x16  
  96  15:03  Zergling x6, Baneling  
  96  15:04  Baneling  
  96  15:05  Baneling  
  96  15:06  Baneling  
  93  15:13  Zergling x8  
  94  15:19  Drone x3  
  97  15:27  Baneling x2  
  97  15:28  Baneling  
  95  15:29  Overseer  
  93  15:39  Baneling x3  
  92  15:53  Hatchery  
  80  16:05  Hatchery  
Tags
 
Add a new tag
Caveats
  • Supply blocks, unpowered buildings, or Contaminate may cause inaccurate times.
  • Supply counts are checked every 10 seconds.